 Dungeon Crawl Stone Soup version 0.24-a0-762-gca426f5 (webtiles) character file.

Game seed: 9638044912890856432, levelgen mode: deterministic

2922 CanOfBees the Skirmisher (level 9, 0/72 HPs)
             Began as a Demonspawn Gladiator on Oct 3, 2019.
             Was a Priest of Uskayaw.
             Slain by Grum
             ... wielding a +0 spear
              (9 damage)
             ... on level 8 of the Dungeon on Oct 4, 2019.
             The game lasted 00:11:08 (8652 turns).

CanOfBees the Skirmisher (Demonspawn Gladiator)     Turns: 8652, Time: 00:11:09

Health: 0/72       AC: 12    Str: 22    XL:     9   Next: 50%
Magic:  10/14      EV: 13    Int: 10    God:    Uskayaw [***...]
Gold:   457        SH:  0    Dex: 15    Spells: 8/8 levels left

rFire    . . .     SeeInvis .   a - +1 war axe
rCold    . . .     Gourm    .   (no shield)
rNeg     . . .     Faith    .   L - +0 scale mail
rPois    .         Spirit   .   c - +0 helmet
rElec    .         Reflect  .   r - +0 cloak
rCorr    .         Harm     .   b - +0 pair of gloves
MR       .....                  (no boots)
Stlth    ..........             (no amulet)
HPRegen  0.22/turn              y - +5 ring of strength (curse)
MPRegen  0.14/turn              Q - +2 ring of protection

@: no status effects
A: claws 1, hooves 2, demonic guardian 1
a: Stomp, Line Pass, Renounce Religion


You were on level 8 of the Dungeon.
You worshipped Uskayaw.
Uskayaw was noncommittal.
You were not hungry.

You visited 2 branches of the dungeon, and saw 9 of its levels.

You collected 457 gold pieces.

Inventory:

Hand Weapons
 a - a +1 war axe (weapon)
 C - a +4 flail of crushing
Missiles
 d - a throwing net (quivered)
 h - 77 sling bullets
 j - 212 stones
 n - 143 arrows
 o - 111 bolts
 v - 18 poisoned darts
 G - 4 curare-tipped darts
 O - 8 silver boomerangs
 P - 6 atropa-tipped darts
Armour
 b - a +0 pair of gloves (worn)
 c - a +0 helmet (worn)
 e - a +0 ring mail
 r - a +0 cloak (worn)
 L - a +0 scale mail (worn)
Jewellery
 y - a cursed +5 ring of strength (left hand)
 Q - a +2 ring of protection (right hand)
Wands
 A - a wand of polymorph (5)
 F - a wand of flame (20)
 I - a wand of digging (4)
 J - a wand of random effects (17)
 T - a wand of enslavement (8)
Scrolls
 g - 6 scrolls of teleportation
 p - a scroll of amnesia {unknown}
 q - a scroll of fear {unknown}
 s - a scroll of enchant weapon
 u - a scroll of enchant armour {unknown}
 z - 2 scrolls of immolation
 E - a scroll of blinking {unknown}
 H - a scroll of noise
 K - a scroll of silence {unknown}
 M - 4 scrolls of remove curse
 N - a scroll of random uselessness {unknown}
 R - a scroll of identify
 S - a scroll of vulnerability {unknown}
Potions
 i - a potion of resistance
 k - a potion of haste
 l - a potion of lignification {unknown}
 m - 3 potions of curing
 t - a potion of ambrosia {unknown}
 w - a potion of cancellation {unknown}
 x - 2 potions of mutation
 B - a potion of magic {unknown}
 D - a potion of flight
Comestibles
 f - 11 rations


   Skills:
 + Level 7.0 Fighting
 + Level 6.7 Axes
 - Level 4.0 Throwing
 - Level 4.1 Armour
 + Level 4.7 Dodging
 + Level 6.7 Invocations


You had 8 spell levels left.
You didn't know any spells.
Your spell library contained the following spells:

 Spells                   Type           Power        Failure   Level  Hunger
 Pain                     Necr           #...         67%         1    ##.....
 Corpse Rot               Necr           N/A          82%         2    ###....
 Regeneration             Chrm/Necr      #.........   96%         3    ####...
 Animate Dead             Necr           N/A          100%        4    #####..
 Dispel Undead            Necr           #.......     100%        5    ######.
 Lightning Bolt           Conj/Air       #.........   100%        5    ######.


Dungeon Overview and Level Annotations

Branches:
Dungeon (8/15)             Temple (1/1) D:5
   Lair: D:8-11

Altars:
Ashenzari
Cheibriados
Dithmenos
Elyvilon
Fedhas
Gozag
Hepliaklqana
Kikubaaqudgha
Makhleb
Nemelex Xobeh
Okawaru
Qazlal
Ru
Sif Muna
Trog
Uskayaw
Vehumet
Wu Jian
Xom
Yredelemnul
Zin
The Shining One

Shops:
D:4 }

Annotations:
D:6 2 transporters, NightRaven's ghost, novice HaHu
D:8 Grum


Innate Abilities, Weirdness & Mutations

You have sharp fingernails.
You have hoof-like feet.
A weak demonic guardian rushes to your aid.


Message History

Your iron imp hits the wolf but does no damage.
Grum stares intently and grunts.
Grum barely misses you.
Uskayaw will force your foes to helplessly watch your dance.
Uskayaw prepares the audience for your solo!
The helpless wolf fails to defend itself.
You slash the wolf!
You kill the wolf!
The helpless centaur fails to defend itself.
You slash the centaur!
Your iron imp disappears in a puff of smoke!
Your ufetubus hits the centaur. x2
The helpless centaur fails to defend itself.
You hit the centaur. You kick the centaur.
You kill the centaur!
Your Fighting skill increases to level 7!
Grum is no longer paralysed.
Your ufetubus closely misses Grum.
Your ufetubus barely misses Grum.
Grum hits you from afar with a +0 spear!
You die...

##......######
########..##.###
##........#####
.##.........#
............#
...........##
...........#
......†...##
.......@.##
.....g5.##
.........
......##.#
##...# .. ####
#.# .# ..


You could see Grum and a friendly ufetubus.

Vanquished Creatures
  A wyvern (D:8)
  A hungry ghost (D:7)
  Menkaure (D:5)
  Edmund (D:4)
  Duvessa (D:5)
  An orc warrior (D:6)
  An ice beast (D:7)
  A phantom (D:7)
  3 wolves (D:8)
  6 ogres
  A centaur (D:8)
  A bullfrog (D:7)
  Dowan (D:5)
  3 killer bees (D:7)
  A howler monkey (D:4)
  2 crimson imps (D:6)
  A centaur zombie (D:5)
  3 hounds
  A bullfrog skeleton (D:5)
  2 jellies
  A centaur skeleton (D:5)
  2 orc wizards
  2 worker ants
  A killer bee zombie (D:6)
  A hound zombie (D:6)
  2 worker ant zombies
  5 adders
  An ooze (D:5)
  4 worms
  4 dart slugs
  5 leopard geckos
  15 orcs
  3 ball pythons
  3 bats
  5 giant cockroaches
  2 goblins (D:1)
  7 hobgoblins
  10 jackals
  2 quokkas
  3 frilled lizards
  6 kobolds
  9 rats
126 creatures vanquished.

Vanquished Creatures (collateral kills)
  Grinder (D:4)
  A spriggan (D:7)
  An ice beast (D:6)
  An iguana (D:5)
  A worker ant (D:4)
  An adder (D:7)
  A dart slug (D:4)
  An orc (D:6)
  A leopard gecko skeleton (D:5)
9 creatures vanquished.

Grand Total: 135 creatures vanquished

Notes
Turn   | Place    | Note
-------+----------+-------------------------------------------
     0 | D:1      | CanOfBees the Demonspawn Gladiator began the quest for the
                  | Orb.
     0 | D:1      | Reached XP level 1. HP: 16/16 MP: 1/1
   336 | D:1      | Gained mutation: A weak demonic guardian rushes to your
                  | aid. [demonic ancestry]
   336 | D:1      | Reached XP level 2. HP: 19/22 MP: 2/2
  1125 | D:2      | Gained mutation: You have large cloven feet. [demonic
                  | ancestry]
  1125 | D:2      | Reached XP level 3. HP: 28/28 MP: 3/3
  1388 | D:2      | Found a sparkling altar of Nemelex Xobeh.
  1388 | D:2      | Found an opulent altar of Gozag.
  2261 | D:3      | Gained mutation: You have sharp fingernails. [demonic
                  | ancestry]
  2261 | D:3      | Reached XP level 4. HP: 34/34 MP: 4/4
  2341 | D:3      | Noticed an ogre
  2352 | D:3      | Killed an ogre
  2352 | D:3      | Reached skill level 3 in Fighting
  2352 | D:3      | Reached XP level 5. HP: 41/41 MP: 5/5
  3261 | D:4      | Noticed an ogre
  3281 | D:4      | Killed an ogre
  3281 | D:4      | Reached XP level 6. HP: 45/47 MP: 6/6
  3421 | D:4      | Noticed Grinder
  3437 | D:4      | Found Mucok's Gadget Emporium.
  3441 | D:4      | Killed Grinder
  3441 | D:4      | Reached skill level 4 in Fighting
  3716 | D:4      | Noticed Edmund
  3732 | D:4      | Killed Edmund
  3732 | D:4      | Reached XP level 7. HP: 34/55 MP: 7/7
  4226 | D:5      | Entered Level 5 of the Dungeon
  4271 | D:5      | Found a staircase to the Ecumenical Temple.
  4278 | Temple   | Entered the Ecumenical Temple
  4403 | Temple   | Became a worshipper of Uskayaw the Reveler
  4445 | D:5      | Noticed Duvessa
  4445 | D:5      | Noticed Dowan
  4451 | D:5      | Reached * piety under Uskayaw
  4454 | D:5      | Reached ** piety under Uskayaw
  4458 | D:5      | Reached *** piety under Uskayaw
  4459 | D:5      | Killed Duvessa
  4459 | D:5      | Reached skill level 1 in Invocations
  4459 | D:5      | Killed Dowan
  4459 | D:5      | Reached skill level 1 in Armour
  4601 | D:5      | Found a hazy altar of Hepliaklqana.
  4601 | D:5      | Found a glowing golden altar of the Shining One.
  4601 | D:5      | Found a burning altar of Makhleb.
  4601 | D:5      | Noticed Menkaure
  4617 | D:5      | Killed Menkaure
  4683 | D:5      | Reached skill level 5 in Axes
  4993 | D:5      | Found a shimmering altar of Xom.
  5091 | D:5      | Reached skill level 5 in Fighting
  5091 | D:5      | Gained mutation: You have hoof-like feet. [demonic
                  | ancestry]
  5091 | D:5      | Reached XP level 8. HP: 62/62 MP: 8/10
  5628 | D:6      | Found a transporter.
  5630 | D:6      | Noticed NightRaven's ghost (novice HaHu)
  5777 | D:6      | HP: 2/64 [orc/+0 short sword (4)]
  6371 | D:6      | Found a transporter.
  6785 | D:7      | Reached skill level 6 in Fighting
  6786 | D:7      | Reached **** piety under Uskayaw
  6791 | D:7      | Reached skill level 5 in Invocations
  6793 | D:7      | Reached ***** piety under Uskayaw
  7017 | D:7      | Identified the Tome of Ghastly Air
  7206 | D:7      | Reached XP level 9. HP: 55/69 MP: 13/13
  8640 | D:8      | Noticed Grum
  8652 | D:8      | Reached skill level 7 in Fighting
  8652 | D:8      | Slain by Grum

Levels and vault maps discovered:
D:1:      dpeg_arrival_round_c, layout_loops_ring, serial_park_tiny_1,
          st_stairs_6, minmay_misc_feat_four_crosses
D:2:      layout_loops_corners, grunt_temple_overflow_opulence
D:3:      layout_basic, first_ration
D:4:      layout_loops_ring, serial_shops, shop, kennysheep_generic_room_9,
          uniq_edmund, uniq_grinder
D:5:      layout_rooms, grunt_temple_overflow_open, temple_green,
          minmay_quadrilaterals, uniq_duvessa, uniq_menkaure
D:6:      layout_basic, gammafunk_ghost_arena, grunt_ministairs_6
D:7:      layout_layer_cave, supply_closet_lemuel, the_bakery
D:8:      layout_cave_pods, solitary_fountain, uniq_erica, uniq_grum
Temple:   nicolae_temple_elliptical

Skill      XL: |  1  2  3  4  5  6  7  8  9 |
---------------+----------------------------+-----
Throwing       | 2 3 4 |  4.0
Dodging        | 3 4 |  4.7
Axes           | 3 4 5 6 |  6.7
Fighting       | 3 4 5 6 7 |  7.0
Invocations    | 2 5 6 |  6.7
Armour         | 1 3 4 |  4.1

Action                   |  1- 3 |  4- 6 |  7- 9 || total
-------------------------+-------+-------+-------++-------
Melee: War axe           |   118 |    91 |   252 ||   461
       Kick              |     4 |    25 |    88 ||   117
Throw: Stone             |       |     8 |     6 ||    14
       Throwing net      |       |     3 |     1 ||     4
       Dart              |       |     6 |     1 ||     7
Invok: Stomp             |       |       |     2 ||     2
  Use: Scroll            |     1 |       |     9 ||    10
 Stab: Held in net/web   |       |     3 |     2 ||     5
       Paralysed         |       |       |    12 ||    12
  Eat: Chunk             |     4 |     5 |    15 ||    24
       Ration            |       |       |     1 ||     1
Armor: Ring mail         |    50 |    36 |    48 ||   134
       Leather armour    |     4 |       |       ||     4
       Scale mail        |       |       |    56 ||    56
Dodge: Dodged            |    72 |    75 |   189 ||   336

Table legend:
 A = Non-vault XP
 B = Vault XP
 C = Vault XP percentage of total XP
 D = Non-vault monster count
 E = Vault monster count
 F = Vault count percentage of total count
                 A         B        C        D         E       F
            +---------+---------+-------+---------+---------+-------
      Total |    2796 |    1379 |  33.0 |     122 |      13 |   9.6
            +---------+---------+-------+---------+---------+-------
        D:1 |      36 |       3 |   7.7 |      17 |       1 |   5.6
        D:2 |      53 |       0 |   0.0 |      17 |       0 |   0.0
        D:3 |     166 |       0 |   0.0 |      19 |       0 |   0.0
        D:4 |     249 |     407 |  62.0 |      13 |       2 |  13.3
        D:5 |     174 |     489 |  73.8 |       7 |       6 |  46.2
        D:6 |     680 |       0 |   0.0 |      21 |       0 |   0.0
        D:7 |     998 |     158 |  13.7 |      24 |       1 |   4.0
        D:8 |     440 |     322 |  42.3 |       4 |       3 |  42.9
            +---------+---------+-------+---------+---------+-------
